AoeStats
← slartibartfast

Hideout

509973992Analyzed
1v1 RM · 2d ago on Sep 28, 2026· 37m 33s· 2 players
Game mode
Random Map
Map size
Tiny (2 player)
Population
200
Speed
Normal
Resources
Standard
Victory
Conquest
Starting age
Dark Age
Ending age
Imperial Age
RankedLock teamsTeams togetherTeam positionsShared explorationLock speedFull tech treeHidden civsTurbo modeCheats
Victory
Defeat
🇬🇧 Sicilians · United Kingdom
1334
+15
🇮🇳 Huns · India
1306
-15
slartibartfast
6:33 Loom
9:03 Feudal Age
12:11 Double-Bit Axe
16:17 Fletching
18:05 Scale Barding Armor
25:52 Castle Age
24:33 Forging
25:02 Bloodlines
25:33 Horse Collar
26:16 Gold Mining
32:47 Chain Barding Armor
35:19 Iron Casting
35:04 Town Watch
Enderman
6:26 Loom
8:34 Feudal Age
9:41 Double-Bit Axe
11:44 Horse Collar
14:00 Town Watch
14:29 Fletching
22:26 Castle Age
20:40 Scale Mail Armor
22:06 Gold Mining
22:06 Stone Mining
24:01 Wheelbarrow
24:26 Bodkin Arrow
28:22 Bow Saw
28:45 Heavy Plow
29:58 Gold Shaft Mining
30:27 First Crusade
34:03 Imperial Age
32:54 Hand Cart
33:51 Forging
33:57 Chain Mail Armor
35:46 Iron Casting
35:42 Elite Serjeant
Connection lost

Rejoining the realm…

Still unreachable

The connection could not be restored.

Session expired

The server has moved on; the page needs a fresh start.